 Dungeon Crawl Stone Soup version 0.21.0-3-g78d12a8 (webtiles) character file.

281 pstr the Digger (level 6, -13/50 HPs)
             Began as a Naga Earth Elementalist on Jan 17, 2018.
             Was a Follower of Fedhas.
             Mangled by an ogre
             ... wielding a +0 giant club
              (21 damage)
             ... on level 4 of the Dungeon.
             The game lasted 00:09:23 (3118 turns).

pstr the Digger (Naga Earth Elementalist)           Turns: 3118, Time: 00:09:25

Health: -13/50     AC:  3    Str: 10    XL:     6   Next: 27%
Magic:  0/11       EV: 10    Int: 17    God:    Fedhas [*.....]
Gold:   169        SH:  0    Dex: 12    Spells: 8/12 levels left

rFire    . . .     SeeInvis +   (no weapon)
rCold    . . .     Gourm    .   (no shield)
rNeg     . . .     Faith    .   c - +0 robe
rPois    +         Spirit   .   (no helmet)
rElec    .         Reflect  .   (no cloak)
rCorr    .         Harm     .   (no gloves)
MR       .....                  (no barding)
Stlth    ++........             f - amulet of regeneration
HPRegen  0.56/turn              (no ring)
MPRegen  0.12/turn              (no ring)

@: very slow
A: large, see invisible, deformed body, poison resistance, slowness 2, slow
metabolism 1, spit poison 1, AC +2
a: Spit Poison, Fungal Bloom, Evolution, Renounce Religion


You were on level 4 of the Dungeon.
You worshipped Fedhas.
Fedhas was aware of your devotion.
You were near starving.

You visited 1 branch of the dungeon, and saw 4 of its levels.

You collected 169 gold pieces.

Inventory:

Missiles
 b - 15 stones (quivered)
 r - 14 arrows
Armour
 c - a +0 robe (worn)
 k - a +0 leather armour
 t - a +0 leather armour
Jewellery
 f - an amulet of regeneration (around neck)
 p - a cursed -3 ring of dexterity {unknown}
Wands
 q - a wand of iceblast (2)
Scrolls
 g - 4 scrolls of enchant weapon {unknown}
 h - 2 scrolls of remove curse
 i - a scroll of blinking {unknown}
 j - 4 scrolls of identify {unknown}
 n - 2 scrolls of amnesia {unknown}
 o - a scroll of magic mapping {unknown}
 s - a scroll of teleportation {unknown}
Potions
 a - a potion of agility
 l - a potion of degeneration
Books
 e - a book of Geomancy

   Spells                             Type                      Level
   a - Sandblast                      Earth                        1
   b - Passwall                       Transmutation/Earth          2
   c - Stone Arrow                    Conjuration/Earth            3
   d - Petrify                        Transmutation/Earth          4
   e - Lee's Rapid Deconstruction     Earth                        5
Comestibles
 d - 8 rations


   Skills:
 + Level 0.7 Fighting
 + Level 1.9 Dodging
 + Level 3.7 Stealth
 + Level 0.4 Unarmed Combat
 + Level 3.8 Spellcasting
 + Level 1.7 Conjurations
   Level 1.0 Transmutations
 + Level 4.7 Earth Magic


You had 8 spell levels left.
You knew the following spells:

 Your Spells              Type           Power        Failure   Level  Hunger
a - Sandblast             Erth           ###...       2%          1    None
b - Stone Arrow           Conj/Erth      ##....       13%         3    ###....


Dungeon Overview and Level Annotations

Branches:
Dungeon (4/15)
 Temple: D:4-7

Altars:
Fedhas
Hepliaklqana
Vehumet


Innate Abilities, Weirdness & Mutations

You cannot wear boots.
Your serpentine skin is tough. (AC +2)
You have supernaturally acute eyesight. (SInv)
Armour fits poorly on your strangely shaped body.
Your system is resistant to poisons. (rPois)
You cover ground very slowly.
You have a slow metabolism.
You can spit poison.


Message History

Press: ? - help, Shift-Dir - straight line, f/p - ogre
Aim: an ogre, wielding a giant club (lightly wounded)
The splash of poison hits the ogre.
The ogre is moderately wounded.
You feel slightly more hungry. The hound skeleton barely misses you.
The ogre barely misses you. The hound skeleton bites you.
The ogre barely misses you.
Casting: Sandblast
Confirm with . or Enter, or press ? or * to list all spells.
Aiming: Sandblast
Press: ? - help, Shift-Dir - straight line, f/p - ogre
Aim: an ogre, wielding a giant club (moderately wounded)
The blast of sand misses the ogre.
b - 15 stones You have got your breath back.
The ogre hits you with a giant club!!
* * * LOW HITPOINT WARNING * * *
The ogre hits you with a giant club!!
You die...
Fedhas appreciates your contribution to the ecosystem.

...........#...
............ ..
...........# .#
............# .#
............# .#
#...........# .#
...........##.####
###......OZ....$.<#
#.......@##.##.##.#
#........##.# .#
#......<.##.# .#
#.......###.# .#
#.......# #.# .#
#.......# #.> ..
#.......# ### .#
#########


You could see an ogre and a hound skeleton.

Vanquished Creatures
  An orc priest (D:3)
  A bullfrog skeleton (D:4)
  3 orc wizards (D:3)
  Terence (D:2)
  A hound skeleton (D:3)
  An ooze (D:1)
  2 dart slugs
  4 leopard geckos
  11 orcs (D:3)
  3 giant cockroaches
  9 goblins
  8 hobgoblins
  14 jackals
  A quokka (D:2)
  5 bats
  2 frilled lizards
  2 kobolds (D:1)
  9 rats
78 creatures vanquished.

Vanquished Creatures (others)
  36 toadstools
36 creatures vanquished.

Grand Total: 114 creatures vanquished

Notes
Turn   | Place    | Note
-------+----------+-------------------------------------------
     0 | D:1      | pstr the Naga Earth Elementalist began the quest for the Orb.
     0 | D:1      | Reached XP level 1. HP: 15/15 MP: 3/3
   150 | D:1      | Reached XP level 2. HP: 21/22 MP: 0/5
   487 | D:1      | Reached XP level 3. HP: 28/28 MP: 1/6
   745 | D:2      | Learned a level 3 spell: Stone Arrow
   993 | D:2      | Found a blossoming altar of Fedhas.
  1001 | D:2      | Became a worshipper of Fedhas Madash
  1601 | D:2      | Found a radiant altar of Vehumet.
  1761 | D:2      | Noticed Terence
  1784 | D:2      | Killed Terence
  1784 | D:2      | Reached skill level 4 in Earth Magic
  1784 | D:2      | Reached XP level 4. HP: 27/36 MP: 1/8
  2058 | D:3      | Reached XP level 5. HP: 43/43 MP: 2/9
  2401 | D:3      | Found a hazy altar of Hepliaklqana.
  2592 | D:3      | Reached skill level 1 in Conjurations
  2598 | D:3      | Reached XP level 6. HP: 42/50 MP: 0/11
  2643 | D:3      | Reached * piety under Fedhas
  3118 | D:4      | Mangled by an ogre

Skill      XL: |  1  2  3  4  5 |
---------------+----------------+-----
Earth Magic    | 4 |  4.7
Spellcasting   | 3 |  3.8
Conjurations   | 1 |  1.7
Fighting       | |  0.7
Dodging        | |  1.9
Stealth        | |  3.7
Unarmed Combat | |  0.4
Transmutations | |  1.0

Action                   |  1- 3 |  4- 6 || total
-------------------------+-------+-------++-------
Melee: Unarmed           |    10 |     7 ||    17
 Cast: Sandblast         |    39 |    25 ||    64
       Stone Arrow       |     9 |    21 ||    30
Invok: Fungal Bloom      |     1 |    20 ||    21
 Abil: Spit Poison       |     7 |    17 ||    24
  Use: Potion            |     4 |       ||     4
       Scroll            |       |     1 ||     1
  Eat: Chunk             |     3 |     6 ||     9
Armor: Robe              |     5 |     8 ||    13
Dodge: Dodged            |    31 |    36 ||    67
